 Dungeon Crawl Stone Soup version 0.31-a0-369-g8eba5f6939 (webtiles) character file.

Game seed: 9849207778782925536

447 RepHenryClay the Conjurer (level 6, -6/32 HPs)
             Began as a Deep Elf Air Elementalist on July 29, 2023.
             Mangled by a yak (14 damage)
             ... on level 5 of the Dungeon.
             The game lasted 00:04:45 (4046 turns).

RepHenryClay the Conjurer (DEAE)                    Turns: 4046, Time: 00:04:46

Health: -6/32      AC:  2    Str:  5    XL:     6   Next: 73%
Magic:  10/21      EV: 12    Int: 22    God:
Gold:   81         SH:  0    Dex: 15    Spells: 6/11 levels left

rFire   . . .        a - +1 dagger (venom)
rCold   . . .        (no shield)
rNeg    . . .        p - +0 robe
rPois   .            (no helmet)
rElec   .            (no cloak)
rCorr   .            (no gloves)
SInv    .            (no boots)
Will    +....        (no amulet)
Stlth   ++           d - ring of magical power
HPRegen 0.25/turn    (no ring)
MPRegen 0.17/turn

%: no passive effects
@: enlightened, flying, hasted, very quick
A: no striking features
a: no special abilities


You were on level 5 of the Dungeon.
You visited 1 branch of the dungeon, and saw 5 of its levels.

You collected 233 gold pieces.
You spent 152 gold pieces at shops.

Inventory:

Hand Weapons
 a - a +1 dagger of venom (weapon)
 u - a +1 dagger of draining
Missiles
 f - a throwing net
Armour
 h - a +0 pair of boots
 p - a +0 robe (worn)
 q - a scarf of harm
Magical Staves
 r - a staff of cold
Jewellery
 d - a ring of magical power (left hand)
Scrolls
 c - 3 scrolls of fog {unknown}
 e - a scroll of revelation {unknown}
 l - a scroll of vulnerability {unknown}
 m - a scroll of brand weapon {unknown}
 n - 4 scrolls of identify {unknown}
 o - a scroll of teleportation {unknown}
Potions
 b - a potion of magic
 g - 3 potions of curing
 j - a potion of resistance {unknown}
 k - a potion of enlightenment
 s - a potion of brilliance {unknown}
 t - a potion of degeneration {unknown}
 v - a potion of ambrosia {unknown}


   Skills:
 - Level 2.4 Dodging
 - Level 2.4 Stealth
 - Level 3.0 Spellcasting
 + Level 7.8 Conjurations
 - Level 3.0 Air Magic


You had 6 spell levels left.
You knew the following spells:

 Your Spells              Type           Power      Damage    Failure   Level
a - Shock                 Conj/Air       100%       1d9       1%          1
b - Searing Ray           Conj           74%        2d7       1%          2
c - Static Discharge      Conj/Air       54%        2-5/arc   1%          2

Your spell library contained the following spells:

 Spells                   Type           Power      Damage    Failure   Level
 Magic Dart               Conj           100%       1d8       1%          1
 Swiftness                Air            16%        N/A       11%         3
 Apportation              Tloc           6%         N/A       12%         1
 Necrotise                Necr           12%        1d4       12%         1
 Summon Small Mammal      Summ           12%        N/A       12%         1
 Fulminant Prism          Conj/Hex       10%        3d9       26%         4
 Airstrike                Air            8%         2d(2-18)  34%         4
 Manifold Assault         Tloc           3%         N/A       77%         4
 Dispersal                Tloc           1%         N/A       100%        6
 Simulacrum               Ice/Necr       1%         N/A       100%        6
 Ozocubu's Refrigeration  Ice            1%         4d7       100%        7
 Disjunction              Tloc           1%         N/A       100%        8
 Polar Vortex             Ice            1%         N/A       100%        9


Dungeon Overview and Level Annotations

Branches:
Dungeon (5/15)
 Temple: D:4-7

Altars:
Gozag
Kikubaaqudgha
Xom

Shops:
D:1 (   D:4 [

Annotations:
D:5 Edmund


Message History

The yak is struck by an arc of lightning.
The yak is lightly wounded.
The lightning grounds out.
The yak gores you!
* * * LOW HITPOINT WARNING * * *
Huge Dmg: -22%(-7hp) hp: 32%(10hp)
Casting: Static Discharge (safe; 2% risk of failure)
Confirm with . or Enter, or press ? or * to list all spells.
The yak is struck by an arc of lightning.
The yak is severely wounded.
The yak is struck by an arc of lightning.
The yak is moderately wounded.
The yak is struck by an arc of lightning.
The yak is severely wounded.
The yak is struck by an arc of lightning.
The yak is moderately wounded.
The lightning grounds out.
The yak gores you.
* * * LOW HITPOINT WARNING * * *
Unknown command.
Casting: Static Discharge (safe; 2% risk of failure)
Confirm with . or Enter, or press ? or * to list all spells.
The yak is struck by an arc of lightning.
The yak is almost dead.
You are struck by an arc of lightning.
* * * LOW HITPOINT WARNING * * *
The yak is struck by an arc of lightning.
You kill the yak!
You are struck by an arc of lightning.
* * * LOW HITPOINT WARNING * * *
The lightning grounds out.
Your Conjurations skill increases to level 7!
Huge Dmg: -19%(-6hp) hp: 13%(4hp)
Okay, then.
It was a potion of curing.
You feel better. The yak gores you.
* * * LOW HITPOINT WARNING * * *
It was a potion of enlightenment.
You feel very buoyant.
You fly up into the air.
The yak barely misses you.
Unknown command.
It was a potion of haste.
You feel yourself speed up. The yak gores you!
You die... ########################### ........Y@................. ###########################

You could see a yak.

Vanquished Creatures
  A yak (D:5)
  3 jellies
  An iguana (D:5)
  An orc wizard (D:4)
  6 adders
  A worm (D:2)
  2 dart slugs (D:1)
  4 orcs
  11 ball pythons
  2 bat zombies (D:3)
  18 endoplasms
  A giant cockroach (D:4)
  9 goblins
  4 hobgoblins
  14 kobolds
  2 quokkas
  7 bats
  2 frilled lizards
  4 rats
  2 rat zombies (D:3)
95 creatures vanquished.

Vanquished Creatures (others)
  A goblin (D:4)
1 creature vanquished.

Grand Total: 96 creatures vanquished

Notes
Turn   | Place    | Note
-------+----------+-------------------------------------------
     0 | D:1      | RepHenryClay the Deep Elf Air Elementalist began the quest
                  | for the Orb.
     0 | D:1      | Reached XP level 1. HP: 10/10 MP: 6/6
   113 | D:1      | Reached skill level 2 in Conjurations
   238 | D:1      | Reached XP level 2. HP: 15/15 MP: 8/8
   368 | D:1      | Found Sujotwutt's Weapon Boutique.
   508 | D:1      | Reached skill level 3 in Conjurations
   587 | D:1      | Learned a level 2 spell: Searing Ray
   590 | D:1      | Learned a level 2 spell: Static Discharge
   814 | D:1      | Reached XP level 3. HP: 19/19 MP: 9/9
  1404 | D:2      | Reached skill level 4 in Conjurations
  1486 | D:2      | Reached XP level 4. HP: 23/24 MP: 10/10
  1757 | D:2      | Reached skill level 5 in Conjurations
  1849 | D:2      | Reached XP level 5. HP: 28/28 MP: 11/11
  2811 | D:3      | Found an ancient bone altar of Kikubaaqudgha.
  2942 | D:4      | Found Vur Xuomp's Antique Armour Boutique.
  2950 | D:4      | Bought a glowing scarf for 152 gold pieces
  3150 | D:4      | Found an opulent altar of Gozag.
  3205 | D:4      | Found a shimmering altar of Xom.
  3215 | D:4      | Reached skill level 6 in Conjurations
  3584 | D:4      | Reached XP level 6. HP: 23/32 MP: 12/12
  3896 | D:5      | Entered Level 5 of the Dungeon
  3896 | D:5      | Noticed Edmund
  3896 | D:5      | Noticed an orc warrior
  4031 | D:5      | Noticed a yak
  4033 | D:5      | Noticed a yak
  4042 | D:5      | Killed a yak
  4043 | D:5      | Reached skill level 7 in Conjurations
  4046 | D:5      | Mangled by a yak

Illustrated notes

Levels and vault maps discovered:
D:1:      shiori_arrival_oz, layout_loops_ring, serial_shops, shop,
          corexii_hall_statues_i
D:2:      cheibrodos_fertilizer, layout_loops_ring
D:3:      layout_loops_ring, lemuel_zombie_altar_kikubaaqudgha
D:4:      layout_loops_ring, dk_xom_monty_hall, overflow_temple_1_default,
          serial_shops, nicolae_diamond_shop
D:5:      layout_basic, mainiacjoe_overflow_alcove_4, kennysheep_nondescript,
          lemuel_flame_loot_1, uniq_ijyb, uniq_edmund, uniq_duvessa,
          uniq_grinder

Skill      XL: |  1  2  3  4  5  6 |
---------------+-------------------+-----
Conjurations   | 2 3 4 5 6 7 |  7.8
Dodging        | |  2.4
Stealth        | |  2.4
Spellcasting   | |  3.0
Air Magic      | |  3.0

Action                     |  1- 3 |  4- 6 || total
---------------------------+-------+-------++-------
   Cast: Shock             |    88 |   107 ||   195
         Static Discharge  |       |     3 ||     3
    Use: Potion            |       |     3 ||     3
 Armour: Robe              |     2 |     4 ||     6
  Dodge: Dodged            |     6 |     8 ||    14

Table legend: (Time is in decaauts)
 A = Elapsed time spent in this place.
 B = Non-inter-level travel time spent in this place.
 C = Inter-level travel time spent in this place.
 D = Time resting spent in this place.
 E = Time spent auto-exploring this place.
 F = Levels seen in this place.
 G = Mean time per level.
                   A        B        C        D        E       F      G
               +--------+--------+--------+--------+--------+-----+--------+
         Total |   4044 |   3904 |    140 |      0 |   3497 |   5 |  808.8 |
       Dungeon |   4044 |   3904 |    140 |      0 |   3497 |   5 |  808.8 |
               +--------+--------+--------+--------+--------+-----+--------+

Top non-repeatable levels by time:
     D:1: 1085 daAuts
     D:2: 1057 daAuts
     D:4: 1001 daAuts
     D:3: 797 daAuts
     D:5: 102 daAuts
